 Dungeon Crawl Stone Soup version 0.31-a0-187-gba352fbbf7 (webtiles) character file.

Game seed: 14366917880928414880

380 qw the Skirmisher (level 6, -2/35 HPs)
             Began as a Deep Elf Hunter on June 22, 2023.
             Was an Initiate of Okawaru.
             Slain by a gnoll
             ... wielding a +0 spear
              (7 damage)
             ... on level 3 of the Dungeon.
             The game lasted 00:00:50 (1783 turns).

qw the Skirmisher (Deep Elf Hunter)                 Turns: 1783, Time: 00:00:50

Health: -2/35      AC:  7    Str: 16    XL:     6   Next: 46%
Magic:  8/8        EV: 12    Int: 14    God:    Okawaru [......]
Gold:   67         SH:  0    Dex: 18    Spells: 5/5 levels left

rFire   . . .        Y - +1 shortbow
rCold   . . .        (shield currently unavailable)
rNeg    . . .        e - +0 ring mail
rPois   .            a - +0 helmet
rElec   .            (no cloak)
rCorr   .            (no gloves)
SInv    .            b - +0 pair of boots
Will    .....        (no amulet)
Stlth   +            i - +6 ring of strength
HPRegen 0.25/turn    (no ring)
MPRegen 0.11/turn

%: no passive effects
@: no status effects
A: no striking features
a: Renounce Religion


You were on level 3 of the Dungeon.
You worshipped Okawaru.
Okawaru was noncommittal.
You visited 2 branches of the dungeon, and saw 5 of its levels.

You collected 67 gold pieces.


   Skills:
 - Level 2.2 Fighting
 - Level 9.4 Ranged Weapons
 + Level 0.6 Armour
 - Level 3.4 Dodging
 - Level 1.2 Stealth


You had 5 spell levels left.
You didn't know any spells.
Your spell library was empty.

Inventory:

Hand Weapons
 Y - a +1 shortbow (weapon)
Armour
 a - a +0 helmet (worn)
 b - a +0 pair of boots (worn)
 e - a +0 ring mail (worn)
Jewellery
 i - a +6 ring of strength (left hand)
Scrolls
 c - a scroll of identify
 f - a scroll of fear {unknown}
 g - a scroll of immolation {unknown}

Dungeon Overview and Level Annotations

Branches:
Dungeon (4/15)             Temple (1/1) D:4

Altars:
Cheibriados
Dithmenos
Fedhas
Gozag
Kikubaaqudgha
Makhleb
Nemelex Xobeh
Okawaru
Qazlal
Ru
Uskayaw
Vehumet
Wu Jian
The Shining One

Shops:
D:1 [


Message History

The gnoll hits you with a +0 flail. The gnoll barely misses you.
1772 ||| DRINKING potion of heal wounds.
You feel much better. The gnoll hits you but does no damage.
The gnoll barely misses you.
You shoot an arrow. The arrow hits the gnoll.
The gnoll is almost dead.
The gnoll barely misses you.
The gnoll hits you from afar with a +0 spear.
You shoot an arrow. The arrow closely misses the gnoll.
The gnoll barely misses you.
The gnoll hits you from afar with a +0 spear.
You shoot an arrow.
The arrow hits the gnoll but does no damage.
The gnoll is almost dead.
The gnoll hits you with a +0 flail! The gnoll barely misses you.
You shoot an arrow. The arrow barely misses the gnoll.
The gnoll barely misses you. The gnoll misses you.
You shoot an arrow. The arrow hits the gnoll.
You kill the gnoll!
Okawaru accepts your kill. The gnoll misses you.
You shoot an arrow. The arrow hits the gnoll.
The gnoll is moderately wounded.
The gnoll hits you from afar with a +0 spear.
You shoot an arrow. The arrow barely misses the gnoll.
The gnoll hits you from afar with a +0 spear.
You shoot an arrow. The arrow hits the gnoll.
The gnoll is heavily wounded.
The gnoll closely misses you.
You shoot an arrow. The arrow hits the gnoll.
The gnoll is severely wounded.
The gnoll barely misses you.
You shoot an arrow.
The arrow hits the gnoll but does no damage.
The gnoll is severely wounded.
The gnoll hits you from afar with a +0 spear!
You shoot an arrow. The arrow hits the gnoll.
The gnoll is almost dead.
The gnoll hits you from afar with a +0 spear!
You die...

#.#....#
#.######
#.#####
#.....#
##########.#
#..........#
#.##########
#.#<......#
#.@).####..
####g# #.#
#'# .g.
.....
#......
#.?.g...
#.......#


You could see a gnoll.

Vanquished Creatures
  Grinder (D:4)
  2 scorpions (D:4)
  2 gnolls (D:3)
  2 adders (D:2)
  3 dart slugs
  An orc (D:4)
  5 ball pythons
  5 endoplasms
  A giant cockroach (D:2)
  3 goblins
  2 hobgoblins (D:2)
  2 quokkas
  A bat (D:2)
  3 frilled lizards (D:2)
  6 kobolds
  4 rats
43 creatures vanquished.

Notes
Turn   | Place    | Note
-------+----------+-------------------------------------------
     0 | D:1      | qw the Deep Elf Hunter began the quest for the Orb.
     0 | D:1      | Reached XP level 1. HP: 12/12 MP: 3/3
     0 | D:1      | 0 ||| qw: Version: 0.3-a-9-g12657ce
     0 | D:1      | 0 ||| qw: Game counter: 2623
     0 | D:1      | 0 ||| qw: Always use a shield: true
     0 | D:1      | 0 ||| qw: God list: Okawaru
     0 | D:1      | 0 ||| qw: Allow faded altars: false
     0 | D:1      | 0 ||| qw: Do Orc after D:15 true
     0 | D:1      | 0 ||| qw: Do second Lair branch before Depths: true
     0 | D:1      | 0 ||| qw: Lair rune preference: random
     0 | D:1      | 0 ||| qw: Plans: Normal
     0 | D:1      | 0 ||| PLANNING D:1-11
   173 | D:1      | Found Asivvur's Armour Shoppe.
   181 | D:1      | 181 ||| SHOPLISTING +0 helmet (54 gold, have 6).
   181 | D:1      | 181 ||| SHOPLISTING +0 ring mail (48 gold, have 6).
   181 | D:1      | 181 ||| SHOPLISTING +2 helmet of intelligence (258 gold,
                  | have 6).
   383 | D:1      | Reached skill level 6 in Ranged Weapons
   383 | D:1      | Reached XP level 2. HP: 16/16 MP: 4/4
   611 | D:1      | 611 ||| UPGRADING to +0 ring mail.
   621 | D:1      | 621 ||| DROPPING +0 leather armour.
   622 | D:1      | 622 ||| READING scroll labelled DAITOR ERUACRO.
   623 | D:1      | 623 ||| READING scroll labelled PIFREE CULLI.
   624 | D:1      | 624 ||| DRINKING 2 orange potions.
   625 | D:1      | 625 ||| DROPPING scroll of butterflies.
   722 | D:2      | Reached XP level 3. HP: 20/20 MP: 5/5
   993 | D:2      | Reached skill level 7 in Ranged Weapons
  1302 | D:2      | 1302 ||| UPGRADING to +0 helmet.
  1307 | D:2      | 1307 ||| UPGRADING to +0 pair of boots.
  1312 | D:2      | 1312 ||| UPGRADING to +6 ring of strength.
  1313 | D:2      | 1313 ||| READING scroll labelled OXTERCH KAYSEMA.
  1314 | D:2      | 1314 ||| READING scroll labelled SANWICAPSIOMM.
  1315 | D:2      | 1315 ||| READING 3 scrolls of identify.
  1315 | D:2      | 1315 ||| IDENTIFYING inky potion
  1316 | D:2      | 1316 ||| READING 2 scrolls of identify.
  1316 | D:2      | 1316 ||| IDENTIFYING metallic cyan potion
  1317 | D:2      | 1317 ||| DROPPING potion of magic.
  1318 | D:2      | 1318 ||| DROPPING potion of lignification.
  1320 | D:2      | 1320 ||| Stepping ~*~*~tactically~*~*~ (cloud).
  1326 | D:2      | HP: 5/20 [poisoned by you (poison gas)]
  1437 | D:3      | You fall into a shaft and drop 1 floor!
  1451 | D:4      | Found a staircase to the Ecumenical Temple.
  1451 | D:4      | Noticed Grinder
  1452 | D:4      | 1452 ||| PLANNING TEMPLE
  1466 | D:4      | Killed Grinder
  1467 | D:4      | Reached skill level 9 in Ranged Weapons
  1467 | D:4      | Reached XP level 4. HP: 25/25 MP: 6/6
  1467 | D:4      | Reached XP level 5. HP: 29/29 MP: 7/7
  1483 | D:4      | Reached XP level 6. HP: 35/35 MP: 8/8
  1489 | Temple   | Entered the Ecumenical Temple
  1546 | Temple   | 1546 ||| PLANNING OKAWARU WORSHIP
  1575 | Temple   | Became a worshipper of Warmaster Okawaru
  1576 | Temple   | 1576 ||| PLANNING D:1-11
  1634 | D:4      | 1634 ||| DROPPING amulet of guardian spirit.
  1643 | D:4      | Reached skill level 3 in Dodging
  1756 | D:3      | 1756 ||| Stepping ~*~*~tactically~*~*~ (outnumbered).
  1758 | D:3      | 1758 ||| Stepping ~*~*~tactically~*~*~ (outnumbered).
  1761 | D:3      | 1761 ||| Stepping ~*~*~tactically~*~*~ (outnumbered).
  1771 | D:3      | HP: 5/35 [gnoll/+0 flail (4)]
  1772 | D:3      | 1772 ||| DRINKING potion of heal wounds.
  1782 | D:3      | HP: 5/35 [gnoll/+0 spear (8)]
  1783 | D:3      | Slain by a gnoll

Levels and vault maps discovered:
D:1:      doesnt_arrival_eight_statues, layout_loops_ring, serial_shops,
          nicolae_shop_waterfront
D:2:      layout_loops_ring
D:3:      layout_basic, nicolae_hepliaklqana_hippocampus, xom_teletrap_fun,
          bloody_trog, kennysheep_jessica_study, uniq_natasha
D:4:      layout_rooms, mainiacjoe_overflow_six_doors_small, temple_pool_b,
          uniq_grinder, uniq_crazy_yiuf_cottage
Temple:   compressed_dpeg_circular_temple

Skill      XL: |  1  2  3  4  5  6 |
---------------+-------------------+-----
Ranged Weapons | 6 9 |  9.4
Fighting       | 2 |  2.2
Dodging        | 3 |  3.4
Armour         | |  0.6
Stealth        | |  1.2

Action                     |  1- 3 |  4- 6 || total
---------------------------+-------+-------++-------
   Fire: Shortbow          |    97 |    47 ||   144
    Use: Scroll            |     6 |       ||     6
         Potion            |     1 |     1 ||     2
 Armour: Ring mail         |     6 |     4 ||    10
         Leather armour    |     1 |       ||     1
  Dodge: Dodged            |    15 |    16 ||    31

Table legend:
 A = Non-vault XP
 B = Vault XP
 C = Vault XP percentage of total XP
 D = Non-vault monster count
 E = Vault monster count
 F = Vault count percentage of total count
                 A         B        C        D         E       F
            +---------+---------+-------+---------+---------+-------
      Total |     282 |     262 |  48.2 |      42 |       1 |   2.3
            +---------+---------+-------+---------+---------+-------
        D:1 |      15 |       0 |   0.0 |       9 |       0 |   0.0
        D:2 |      64 |       0 |   0.0 |      23 |       0 |   0.0
        D:3 |      31 |       0 |   0.0 |       4 |       0 |   0.0
        D:4 |     172 |     262 |  60.4 |       6 |       1 |  14.3
            +---------+---------+-------+---------+---------+-------
